 Dungeon Crawl Stone Soup version 0.31.0-1-g2c135a008e (webtiles) character file.

Game seed: 17122178187172732576

8801 qw the Skirmisher (level 11, -9/82 HPs)
             Began as a Djinni Hunter on Jan 23, 2024.
             Was a Priest of Okawaru.
             Mangled by a yak (11 damage)
             ... on level 1 of the Lair of Beasts.
             The game lasted 00:00:46 (8100 turns).

qw the Skirmisher (Djinni Hunter)                   Turns: 8100, Time: 00:00:47

Health: -9/82      AC:  8    Str: 13    XL:     11   Next: 62%
Gold:   244        EV: 20    Int: 10    God:    Okawaru [***...] SH:  0 Dex: 22

rFire   + + .        j - +7 arbalest of Ahupp {heavy, rPois rC+ rN++ rCorr}
rCold   + . .        (shield currently unavailable)
rNeg    + + +        m - +2 ring mail {rC+}
rPois   inf          (no helmet)
rElec   .            (no cloak)
rCorr   +            (no gloves)
SInv    .            (boots unavailable)
Will    +....        (no amulet)
Stlth   +++          k - ring of positive energy
HPRegen 0.33/turn    b - ring "Buonk" {MP+9 Str+3 Slay+4}
MPRegen 0.00/turn

%: infuse magic (-10 HP)
@: heroic, flying
A: sickness immunity, fire resistance 2, cold vulnerability 1, float, innate
caster, HP casting, extra vitality 1
a: Renounce Religion, Heroism


You were on level 1 of the Lair of Beasts.
You worshipped Okawaru.
Okawaru was most pleased with you.
You visited 3 branches of the dungeon, and saw 11 of its levels.

You collected 465 gold pieces.
You spent 221 gold pieces at shops.


Innate Abilities, Weirdness & Mutations

You are immune to sickness and miasma.
You are immune to poison.
Your flesh is very heat resistant. (rF++)
You are vulnerable to cold. (rC-)
You float through the air rather than walking.
You learn spells naturally, not from books.
Your magical power is your life essence.
You have superior vitality. (+4 MHP)


   Skills:
 + Level 8.7(13.7) Fighting
 - Level 11.0(16.0) Ranged Weapons
 - Level 3.1(8.1) Armour
 - Level 8.0(13.0) Dodging
 - Level 0.7(5.7) Stealth
 - Level 4.0 Invocations


You knew the following spells:

 Your Spells              Type           Power      Damage    Failure   Level
a - Kiss of Death         Conj/Necr      0%         2d5       58%         1
b - Mercury Vapours       Alch/Air       0%         N/A       73%         2
c - Swiftness             Air            0%         N/A       91%         3
d - Hailstorm             Conj/Ice       0%         3d5       91%         3
e - Animate Dead          Necr           0%         N/A       100%        4
Your spell library was empty.

Inventory:

Hand Weapons
 e - a +3 longbow of freezing
 j - the +7 arbalest of Ahupp (weapon) {heavy, rPois rC+ rN++ rCorr}
   (You found it on level 6 of the Dungeon)

   rC+:       It protects you from cold.
   rPois:     It protects you from poison rN++: It greatly protects you from
   negative energy.
   rCorr:     It protects you from acid and corrosion.
Armour
 d - +0 acid dragon scales
 m - a +2 ring mail of cold resistance (worn)
Jewellery
 b - the ring "Buonk" (right hand) {MP+9 Str+3 Slay+4}
   (You found it on level 4 of the Dungeon)

   [ring of slaying]

   Str+3:     It affects your strength (+3).
   Slay+4:    It affects your accuracy & damage with ranged weapons and melee
   (+4).
   MP+9:      It affects your magic capacity (+9).
 k - a ring of positive energy (left hand)
Wands
 a - a wand of charming (2)
 p - a wand of iceblast (8)
Scrolls
 o - 2 scrolls of enchant armour
Potions
 c - 8 potions of curing
 f - a potion of mutation
 g - 3 potions of resistance
 h - a potion of might
 n - a potion of enlightenment

Dungeon Overview and Level Annotations

Branches:
Dungeon (9/15)             Temple (1/1) D:4            Lair (1/5) D:9
    Orc: D:9-12

Altars:
Ashenzari
Cheibriados
Dithmenos
Elyvilon
Fedhas
Gozag
Hepliaklqana
Makhleb
Nemelex Xobeh
Okawaru
Qazlal
Ru
Trog
Uskayaw
Wu Jian
Xom
Yredelemnul
Zin
The Shining One

Shops:
D:6 :   D:7 !

Annotations:
D:3 1 runed translucent door, Crazy Yiuf
D:5 2 transporters, qw's ghost, novice GrHu
D:9 3 runed translucent doors, qw's ghost, novice GrHu
Lair:1 Nergalle


Message History

The yak bellows!
The komodo dragon hisses angrily.
You hear a bellow!
A yak comes into view.
The komodo dragon moves out of view.
You shoot a bolt. The bolt completely misses the yak.
You shoot a bolt.
The bolt barely misses the komodo dragon.
The komodo dragon bites you! The komodo dragon bites you!!
A yak comes into view.
8092 ||| RETREEEEATING.
The komodo dragon attacks as it pursues you!
The komodo dragon closely misses you.
8093 ||| RETREEEEATING.
8094 ||| RETREEEEATING.
A yak comes into view.
8095 ||| RETREEEEATING.
The yak bellows!
The komodo dragon attacks as it pursues you!
The komodo dragon barely misses you.
8096 ||| INVOKING Heroism.
You gain the combat prowess of a mighty hero.
The komodo dragon misses you.
You shoot a bolt. The bolt hits the yak!!!
You kill the yak!
Okawaru accepts your kill. The komodo dragon barely misses you.
The yak barely misses you. The komodo dragon barely misses you.
The yak gores you but does no damage. The yak gores you.
You shoot a bolt. The bolt hits the yak!!
The yak is heavily wounded.
The komodo dragon bites you! The yak gores you but does no damage.
The yak misses you. The komodo dragon bites you! The yak misses you.
You shoot a bolt. The bolt hits the yak!!
You kill the yak!
Okawaru accepts your kill. The yak gores you! The komodo dragon misses you.
The yak closely misses you. The komodo dragon bites you!
You shoot a bolt. The bolt hits the yak!!
The yak is severely wounded.
The yak barely misses you. The yak gores you!
You die...

# ###
####.####@#######
........YlY......
.........Y.......
.................
####...#..##.##..
..............Y.
.................
.................
....############.


You could see a komodo dragon and 3 yaks.

Vanquished Creatures
  4 two-headed ogres (D:9)
  An ugly thing (D:9)
  Jeremiah (D:8)
  Psyche (D:8)
  A yaktaur (D:9)
  2 hornets (D:9)
  Grinder (D:6)
  3 wyverns
  8 yaks
  2 steam dragons
  Edmund (D:4)
  An acid dragon (D:9)
  2 water moccasins
  2 ice beasts
  A sky beast (D:8)
  2 ogres (D:5)
  A wolf (Lair:1)
  2 centaurs
  2 gnoll sergeants (D:9)
  2 kobold brigands
  5 bullfrogs
  6 wights
  5 killer bees (D:9)
  A howler monkey (D:9)
  3 bombardier beetles
  A hound (D:4)
  2 orc priests
  A sleepcap (D:7)
  A gnoll bouda (D:5)
  5 iguanas
  2 orc wizards
  5 adders
  6 gnolls
  A shadow imp (D:8)
  A white imp (D:7)
  2 ufetubi (D:6)
  A ribbon worm (D:4)
  A dart slug (D:1)
  17 orcs
  5 ball pythons
  7 endoplasms
  8 hobgoblins
  13 jackals
  12 kobolds
  4 quokkas
  4 bats
  3 frilled lizards
  4 goblins
  7 rats
173 creatures vanquished.

Notes
Turn   | Place    | Note
-------+----------+-------------------------------------------
     0 | D:1      | qw the Djinni Hunter began the quest for the Orb.
     0 | D:1      | Reached XP level 1. HP: 18/18 MP: 0/0
     0 | D:1      | 0 ||| qw: Version: 0.3-a-136-gdd3b4e8
     0 | D:1      | 0 ||| qw: Game counter: 982
     0 | D:1      | 0 ||| qw: Melee chars always use a shield: true
     0 | D:1      | 0 ||| qw: God list: Okawaru
     0 | D:1      | 0 ||| qw: Allow faded altars: false
     0 | D:1      | 0 ||| qw: Do Orc after clearing Dungeon:15 true
     0 | D:1      | 0 ||| qw: Do second Lair branch before Depths: true
     0 | D:1      | 0 ||| qw: Lair rune preference: random
     0 | D:1      | 0 ||| qw: Goals: Normal
     0 | D:1      | 0 ||| PLANNING D:1-11
    34 | D:1      | Reached XP level 2. HP: 23/23 MP: 0/0
   247 | D:1      | 247 ||| RETREEEEATING.
   249 | D:1      | Reached skill level 4 in Ranged Weapons
   249 | D:1      | Reached XP level 3. HP: 22/28 MP: 0/0
   249 | D:1      | Learned a level 1 spell: Kiss of Death
   251 | D:1      | 251 ||| RETREEEEATING.
   652 | D:1      | 652 ||| UPGRADING to +0 ring mail.
   662 | D:1      | 662 ||| DROPPING +0 leather armour.
   663 | D:1      | 663 ||| READING scroll labelled BOALO ONTY.
   663 | D:1      | 663 ||| IDENTIFYING white potion
   664 | D:1      | 664 ||| DRINKING 2 murky green potions.
   665 | D:1      | 665 ||| DROPPING scroll of butterflies.
   666 | D:1      | 666 ||| DROPPING potion of attraction.
   733 | D:2      | Reached XP level 4. HP: 27/34 MP: 0/0
   781 | D:2      | Reached skill level 1 in Armour
   813 | D:2      | Reached skill level 3 in Fighting
  1194 | D:2      | 1194 ||| UPGRADING to ring of positive energy.
  1195 | D:2      | 1195 ||| READING scroll labelled ADEETHO WALIOZ.
  1196 | D:2      | 1196 ||| READING scroll labelled FAGIDA QETE.
  1197 | D:2      | 1197 ||| READING scroll labelled SACOING NURIPS.
  1197 | D:2      | 1197 ||| ENCHANTING +0 shortbow.
  1198 | D:2      | 1198 ||| READING scroll labelled IBBUF OSUUVVISOI.
  1201 | D:2      | 1201 ||| DRINKING 2 orange potions.
  1202 | D:2      | 1202 ||| DRINKING 2 sedimented golden potions.
  1216 | D:3      | 1216 ||| STAIRDANCE
  1288 | D:3      | 1288 ||| STAIRDANCE
  1728 | D:3      | Reached XP level 5. HP: 37/40 MP: 0/0
  1728 | D:3      | Learned a level 2 spell: Mercury Vapours
  2152 | D:3      | Found a runed translucent door.
  2153 | D:3      | Noticed Crazy Yiuf
  2156 | D:3      | 2156 ||| READING scroll of identify.
  2156 | D:3      | 2156 ||| IDENTIFYING golden potion
  2157 | D:3      | 2157 ||| READING 3 scrolls labelled TOQUSO NOAHYIN.
  2258 | D:3      | 2258 ||| READING scroll labelled ZAALID RIAGHOF.
  2259 | D:3      | 2259 ||| DROPPING potion of brilliance.
  2260 | D:3      | 2260 ||| DROPPING 2 scrolls of vulnerability.
  2345 | D:4      | Identified the ring "Buonk" {MP+9 Str+3 Slay+4}
  2841 | D:4      | Reached skill level 5 in Ranged Weapons
  2957 | D:4      | Reached XP level 6. HP: 46/46 MP: 0/0
  3004 | D:4      | Found a staircase to the Ecumenical Temple.
  3005 | D:4      | 3005 ||| PLANNING TEMPLE
  3005 | D:4      | 3005 ||| UPGRADING to ring "Buonk" {MP+9 Str+3 Slay+4}.
  3006 | D:4      | 3006 ||| READING scroll labelled JILAJO JANICSO.
  3007 | D:4      | 3007 ||| DRINKING 4 metallic ruby potions.
  3052 | D:4      | 3052 ||| DRINKING 2 cyan potions.
  3053 | D:4      | 3053 ||| DROPPING 3 potions of lignification.
  3059 | Temple   | Entered the Ecumenical Temple
  3060 | Temple   | 3060 ||| PLANNING D:1-11
  3103 | D:4      | Noticed Edmund
  3104 | D:4      | 3104 ||| RETREEEEATING.
  3106 | D:4      | 3106 ||| ZAPPING wand of light (12) at 2,0 (Edmund; floor).
  3107 | D:4      | 3107 ||| ZAPPING wand of light (11) at 2,0 (Edmund; floor).
  3108 | D:4      | 3108 ||| ZAPPING wand of light (10) at 2,0 (Edmund; floor).
  3109 | D:4      | Reached skill level 3 in Dodging
  3109 | D:4      | 3109 ||| ZAPPING wand of light (9) at 1,0 (Edmund;
                  | open_door).
  3110 | D:4      | 3110 ||| ZAPPING wand of light (8) at 1,0 (Edmund;
                  | open_door).
  3111 | D:4      | 3111 ||| ZAPPING wand of light (7) at 1,0 (Edmund;
                  | open_door).
  3111 | D:4      | Killed Edmund
  3395 | D:4      | 3395 ||| UPGRADING to +2 ring mail of cold resistance.
  3405 | D:4      | 3405 ||| DROPPING +0 ring mail.
  3406 | D:4      | 3406 ||| READING scroll of identify.
  3406 | D:4      | 3406 ||| IDENTIFYING lumpy black potion
  3407 | D:4      | 3407 ||| READING scroll labelled OBBAENNUPIL.
  3408 | D:4      | 3408 ||| DROPPING potion of degeneration.
  3426 | D:5      | Entered Level 5 of the Dungeon
  3439 | D:5      | Noticed an ogre
  3441 | D:5      | Noticed qw's ghost (novice GrHu)
  3442 | D:5      | 3442 ||| ZAPPING wand of light (6) at -4,3 (ogre; floor).
  3443 | D:5      | 3443 ||| ZAPPING wand of light (5) at -3,2 (ogre; floor).
  3444 | D:5      | 3444 ||| ZAPPING wand of light (4) at -2,1 (ogre; floor).
  3444 | D:5      | Killed an ogre
  3445 | D:5      | Reached XP level 7. HP: 52/52 MP: 0/0
  3445 | D:5      | Learned a level 3 spell: Swiftness
  3447 | D:5      | Found a transporter.
  3462 | D:5      | Noticed a water moccasin
  3465 | D:5      | 3465 ||| ZAPPING wand of light (3) at -4,3 (water moccasin;
                  | floor).
  3466 | D:5      | 3466 ||| RETREEEEATING.
  3467 | D:5      | 3467 ||| RETREEEEATING.
  3468 | D:5      | 3468 ||| RETREEEEATING.
  3469 | D:5      | 3469 ||| RETREEEEATING.
  3471 | D:5      | 3471 ||| RETREEEEATING.
  3472 | D:5      | 3472 ||| RETREEEEATING.
  3473 | D:5      | 3473 ||| RETREEEEATING.
  3474 | D:5      | 3474 ||| RETREEEEATING.
  3475 | D:5      | 3475 ||| RETREEEEATING.
  3476 | D:5      | 3476 ||| RETREEEEATING.
  3478 | D:5      | 3478 ||| RETREEEEATING.
  3479 | D:5      | 3479 ||| RETREEEEATING.
  3480 | D:5      | 3480 ||| ZAPPING wand of light (2) at -2,3 (water moccasin;
                  | floor).
  3481 | D:5      | 3481 ||| ZAPPING wand of light (1) at -1,2 (water moccasin;
                  | floor).
  3481 | D:5      | Killed a water moccasin
  3490 | D:5      | Reached skill level 6 in Ranged Weapons
  3570 | D:5      | HP: 13/52 [gnoll/+0 spear[a gnoll bouda] (5)]
  3571 | D:5      | 3571 ||| READING 4 scrolls of teleportation.
  3572 | D:5      | 3572 ||| DRINKING potion of heal wounds.
  3669 | D:5      | Reached XP level 8. HP: 43/58 MP: 0/0
  3969 | D:5      | Found a transporter.
  4121 | D:5      | 4121 ||| DRINKING 3 yellow potions.
  4122 | D:5      | 4122 ||| DROPPING 2 potions of magic.
  4217 | D:6      | Noticed Grinder
  4231 | D:6      | Killed Grinder
  4232 | D:6      | Reached skill level 7 in Ranged Weapons
  4444 | D:6      | Found Ysedauc's Book Emporium.
  4520 | D:6      | Identified the +7 arbalest of Ahupp {heavy, rPois rC+ rN++
                  | rCorr}
  4522 | D:6      | 4522 ||| SWAPPING to +7 arbalest of Ahupp {heavy, rPois rC+
                  | rN++ rCorr}.
  4523 | D:6      | 4523 ||| DROPPING +0 shortbow.
  4688 | D:6      | Found an ornate altar of the Wu Jian Council.
  4824 | D:6      | 4824 ||| READING scroll of identify.
  4824 | D:6      | 4824 ||| IDENTIFYING smoky purple potion
  4825 | D:6      | 4825 ||| DROPPING potion of invisibility.
  4853 | D:7      | Found a shimmering altar of Xom.
  4854 | D:7      | Found a shimmering altar of Xom.
  4854 | D:7      | Found a shimmering altar of Xom.
  4854 | D:7      | Found a shimmering altar of Xom.
  4909 | D:7      | 4909 ||| RETREEEEATING.
  4911 | D:7      | 4911 ||| RETREEEEATING.
  4915 | D:7      | Reached XP level 9. HP: 56/65 MP: 0/0
  4915 | D:7      | Learned a level 3 spell: Hailstorm
  5031 | D:7      | Reached skill level 8 in Ranged Weapons
  5130 | D:7      | Found a shimmering altar of Xom.
  5134 | D:7      | Found a shimmering altar of Xom.
  5148 | D:7      | Found a shimmering altar of Xom.
  5247 | D:7      | Found Rulam's Distillery.
  5253 | D:7      | 5253 ||| BUYING 2 potions of curing (78 gold).
  5253 | D:7      | Bought 2 potions of curing for 78 gold pieces
  5253 | D:7      | 5253 ||| SHOPLISTING 2 potions of mutation (208 gold, have
                  | 162).
  5253 | D:7      | 5253 ||| BUYING potion of curing (39 gold).
  5253 | D:7      | Bought a potion of curing for 39 gold pieces
  5253 | D:7      | 5253 ||| BUYING potion of mutation (104 gold).
  5253 | D:7      | Bought a potion of mutation for 104 gold pieces
  5277 | D:7      | 5277 ||| READING scroll of identify.
  5277 | D:7      | 5277 ||| IDENTIFYING viscous grey potion
  5287 | D:8      | Noticed Jeremiah
  5291 | D:8      | Reached skill level 3 in Armour
  5297 | D:8      | Killed Jeremiah
  5321 | D:8      | 5321 ||| Stepping randomly (disturbance).
  5322 | D:8      | 5322 ||| Stepping randomly (disturbance).
  5323 | D:8      | 5323 ||| Stepping randomly (disturbance).
  5324 | D:8      | 5324 ||| Stepping randomly (disturbance).
  5325 | D:8      | 5325 ||| Stepping randomly (disturbance).
  5332 | D:8      | 5332 ||| Stepping randomly (disturbance).
  5335 | D:8      | Reached skill level 6 in Fighting
  5395 | D:8      | Noticed Psyche
  5396 | D:8      | 5396 ||| RETREEEEATING.
  5400 | D:8      | Reached skill level 6 in Dodging
  5406 | D:8      | Killed Psyche
  5497 | D:8      | Reached XP level 10. HP: 72/72 MP: 0/0
  5591 | D:8      | Found an iron altar of Okawaru.
  5592 | D:8      | 5592 ||| PLANNING OKAWARU WORSHIP
  5592 | D:8      | 5592 ||| READING 2 scrolls of identify.
  5592 | D:8      | 5592 ||| IDENTIFYING blue potion
  5596 | D:8      | Became a worshipper of Warmaster Okawaru
  5597 | D:8      | 5597 ||| PLANNING D:1-11
  5784 | D:9      | Noticed a two-headed ogre
  5785 | D:9      | 5785 ||| DRINKING potion of haste.
  5788 | D:9      | Killed a two-headed ogre
  5788 | D:9      | Reached * piety under Okawaru
  5789 | D:9      | Reached skill level 9 in Ranged Weapons
  5794 | D:9      | Noticed a two-headed ogre
  5795 | D:9      | Killed a two-headed ogre
  5909 | D:9      | 5909 ||| INVOKING Heroism.
  5913 | D:9      | Reached skill level 3 in Invocations
  5920 | D:9      | 5920 ||| INVOKING Heroism.
  5921 | D:9      | HP: 16/75 [yak (9)]
  5922 | D:9      | 5922 ||| READING 3 scrolls of teleportation.
  5922 | D:9      | HP: 7/75 [yak (9)]
  5923 | D:9      | 5923 ||| DRINKING 4 potions of heal wounds.
  5924 | D:9      | 5924 ||| DRINKING 3 potions of heal wounds.
  5926 | D:9      | 5926 ||| DRINKING 2 potions of heal wounds.
  6071 | D:9      | 6071 ||| RETREEEEATING.
  6075 | D:9      | Reached ** piety under Okawaru
  6113 | D:9      | Found a staircase to the Lair.
  6170 | D:9      | Noticed a two-headed ogre
  6171 | D:9      | 6171 ||| RETREEEEATING.
  6172 | D:9      | 6172 ||| RETREEEEATING.
  6174 | D:9      | Reached skill level 10 in Ranged Weapons
  6174 | D:9      | 6174 ||| INVOKING Heroism.
  6176 | D:9      | Killed a two-headed ogre
  6177 | D:9      | Reached XP level 11. HP: 61/81 MP: 0/0
  6177 | D:9      | Learned a level 4 spell: Animate Dead
  6705 | D:9      | HP: 20/81 [killer bee (8)]
  6706 | D:9      | 6706 ||| READING 3 scrolls of teleportation.
  6706 | D:9      | HP: 8/81 [killer bee (6)]
  6707 | D:9      | 6707 ||| DRINKING potion of heal wounds.
  6710 | D:9      | 6710 ||| READING 2 scrolls of teleportation.
  6994 | D:9      | Noticed a two-headed ogre
  6996 | D:9      | 6996 ||| RETREEEEATING.
  6997 | D:9      | 6997 ||| RETREEEEATING.
  6998 | D:9      | 6998 ||| RETREEEEATING.
  6999 | D:9      | 6999 ||| RETREEEEATING.
  7000 | D:9      | 7000 ||| RETREEEEATING.
  7001 | D:9      | 7001 ||| INVOKING Heroism.
  7003 | D:9      | Killed a two-headed ogre
  7011 | D:9      | HP: 17/81 [acid dragon/splash of acid (10)]
  7012 | D:9      | 7012 ||| READING scroll of teleportation.
  7013 | D:9      | Reached *** piety under Okawaru
  7273 | D:9      | Noticed a brown ugly thing
  7274 | D:9      | 7274 ||| INVOKING Heroism.
  7279 | D:9      | Killed a brown ugly thing
  7342 | D:9      | Reached skill level 11 in Ranged Weapons
  7676 | D:9      | Found a runed translucent gate.
  7676 | D:9      | Found a runed translucent gate.
  7676 | D:9      | Found a runed translucent gate.
  7678 | D:9      | Noticed qw's ghost (novice GrHu)
  7696 | D:9      | 7696 ||| PLANNING LAIR
  7696 | D:9      | 7696 ||| READING scroll of identify.
  7696 | D:9      | 7696 ||| IDENTIFYING scroll labelled ISASSA MOISIQU
  7696 | D:9      | Identified a scroll of acquirement
  7697 | D:9      | 7697 ||| READING scroll of acquirement.
  7697 | D:9      | 7697 ||| ACQUIRING +2 longbow of freezing
  7697 | D:9      | Acquired a +2 longbow of freezing
  7699 | D:9      | 7699 ||| READING scroll labelled OHUTZU KEKHLY.
  7699 | D:9      | 7699 ||| ENCHANTING +2 longbow of freezing.
  7748 | Lair:1   | Entered Level 1 of the Lair of Beasts
  7830 | Lair:1   | Noticed an oklob plant
  7831 | Lair:1   | Noticed an oklob plant
  7831 | Lair:1   | Noticed Nergalle
  7832 | Lair:1   | 7832 ||| RETREEEEATING.
  7833 | Lair:1   | 7833 ||| RETREEEEATING.
  7834 | Lair:1   | 7834 ||| INVOKING Heroism.
  7837 | Lair:1   | 7837 ||| RETREEEEATING.
  7838 | Lair:1   | 7838 ||| RETREEEEATING.
  7839 | Lair:1   | 7839 ||| RETREEEEATING.
  7840 | Lair:1   | 7840 ||| RETREEEEATING.
  7841 | Lair:1   | 7841 ||| RETREEEEATING.
  7842 | Lair:1   | 7842 ||| RETREEEEATING.
  7843 | Lair:1   | 7843 ||| RETREEEEATING.
  7843 | Lair:1   | Noticed an oklob plant
  7844 | Lair:1   | 7844 ||| RETREEEEATING.
  7845 | Lair:1   | 7845 ||| RETREEEEATING.
  7846 | Lair:1   | 7846 ||| RETREEEEATING.
  7847 | Lair:1   | 7847 ||| RETREEEEATING.
  7848 | Lair:1   | 7848 ||| RETREEEEATING.
  7849 | Lair:1   | 7849 ||| RETREEEEATING.
  7850 | Lair:1   | 7850 ||| RETREEEEATING.
  7851 | Lair:1   | 7851 ||| RETREEEEATING.
  7851 | Lair:1   | HP: 16/82 [wolf (6)]
  7852 | Lair:1   | 7852 ||| READING scroll of teleportation.
  7853 | Lair:1   | 7853 ||| RETREEEEATING.
  7853 | Lair:1   | HP: 5/82 [wolf (4)]
  7854 | Lair:1   | 7854 ||| RETREEEEATING.
  8092 | Lair:1   | 8092 ||| RETREEEEATING.
  8093 | Lair:1   | 8093 ||| RETREEEEATING.
  8094 | Lair:1   | 8094 ||| RETREEEEATING.
  8095 | Lair:1   | 8095 ||| RETREEEEATING.
  8096 | Lair:1   | 8096 ||| INVOKING Heroism.
  8099 | Lair:1   | HP: 15/82 [yak (7)]
  8099 | Lair:1   | HP: 1/82 [komodo dragon (14)]
  8100 | Lair:1   | Mangled by a yak

Levels and vault maps discovered:
D:1:      lightli_arrival_statue_moat, layout_basic
D:2:      layout_rooms, minmay_tetromino_t4
D:3:      layout_loops_corners, uniq_crazy_yiuf_cottage
D:4:      layout_basic, minmay_temple_entry_hall,
          hangedman_abyss_or_decor_stagger, minmay_door_square, minivault_1,
          uniq_edmund
D:5:      layout_rooms, gammafunk_ghost_hive, chequers_arboretum,
          grunt_ministairs_9
D:6:      layout_loops_ring, nicolae_wu_jian_wuxing_cycle, serial_shops,
          nicolae_book_shop_shelving, uniq_grinder
D:7:      layout_cave_pools, nicolae_xom_altar_mimics, serial_shops,
          nicolae_shop_industrial_runoff
D:8:      layout_rooms, mainiacjoe_overflow_alcove_4, uniq_psyche, uniq_jeremiah
D:9:      layout_basic, lair_entry_dummy, ebering_ghost_rock_garden,
          evilmike_minifort
Temple:   compressed_dpeg_triangle_lava_temple
Lair:1:   minmay_lair_oklob_chamber, layout_long_grid, uniq_nergalle

Skill      XL: |  1  2  3  4  5  6  7  8  9 10 11 |
---------------+----------------------------------+-----
Ranged Weapons | 4 5 6 7 8 10 11 | 11.0
Armour         | 1 3 |  3.1
Fighting       | 3 4 5 6 7 8 |  8.7
Dodging        | 3 4 5 6 7 8 |  8.0
Invocations    | 4 |  4.0
Stealth        | |  0.7

Action                     |  1- 3 |  4- 6 |  7- 9 | 10-12 || total
---------------------------+-------+-------+-------+-------++-------
   Fire: Shortbow          |   101 |   171 |    93 |       ||   365
         Arbalest          |       |       |    52 |    90 ||   142
 Invoke: Heroism           |       |       |       |     7 ||     7
  Evoke: Wand              |       |     9 |     3 |       ||    12
    Use: Scroll            |     1 |    10 |     3 |     9 ||    23
         Potion            |     1 |     4 |     2 |     5 ||    12
 Armour: Leather armour    |    24 |       |       |       ||    24
         Ring mail         |    16 |    81 |    63 |   133 ||   293
  Dodge: Dodged            |    42 |    85 |    74 |   188 ||   389

Table legend:
 A = Non-vault XP
 B = Vault XP
 C = Vault XP percentage of total XP
 D = Non-vault monster count
 E = Vault monster count
 F = Vault count percentage of total count
                 A         B        C        D         E       F
            +---------+---------+-------+---------+---------+-------
      Total |    8067 |    4506 |  35.8 |     151 |      22 |  12.7
            +---------+---------+-------+---------+---------+-------
        D:1 |      61 |       0 |   0.0 |      35 |       0 |   0.0
        D:2 |      55 |       3 |   5.2 |      12 |       2 |  14.3
        D:3 |      30 |       0 |   0.0 |      14 |       0 |   0.0
        D:4 |     189 |     166 |  46.8 |      15 |       1 |   6.2
        D:5 |     478 |     161 |  25.2 |      13 |       2 |  13.3
        D:6 |     187 |     281 |  60.0 |      11 |       1 |   8.3
        D:7 |     784 |       0 |   0.0 |      14 |       0 |   0.0
        D:8 |     861 |     747 |  46.5 |      10 |       2 |  16.7
        D:9 |    4722 |    3148 |  40.0 |      23 |      14 |  37.8
     Lair:1 |     700 |       0 |   0.0 |       4 |       0 |   0.0
            +---------+---------+-------+---------+---------+-------
